 Dungeon Crawl Stone Soup version 0.30-a0-1016-gfb0d676c02 (webtiles) character file.

Game seed: 11051193197581067853

299 ThatPearl the Chopper (level 6, 0/33 HPs)
             Began as a Vine Stalker Fighter on Apr 6, 2023.
             Slain by an ogre
             ... wielding a +0 giant spiked club
              (5 damage)
             ... on level 4 of the Dungeon.
             The game lasted 00:03:38 (2279 turns).

ThatPearl the Chopper (Vine Stalker Fighter)        Turns: 2279, Time: 00:03:38

Health: 0/33       AC:  5    Str: 21    XL:     6   Next: 36%
Magic:  0/7        EV: 10    Int:  8    God:
Gold:   196        SH:  5    Dex: 13    Spells: 3/5 levels left

rFire   . . .      SeeInvis .    a - +0 war axe
rCold   . . .      Faith    .    c - +0 buckler
rNeg    . . .      Spirit   +    t - +0 ring mail
rPois   .          Reflect  .    (no helmet)
rElec   .          Rampage  .    (no cloak)
rCorr   .                        (no gloves)
Will    .....                    (no boots)
Stlth   +                        i - amulet of magic regeneration
HPRegen 1.05/turn                (no ring)
MPRegen 0.50/turn                (no ring)

@: no status effects
A: fangs 2, regeneration 1, magic shield, antimagic bite, no potion heal 2
a: no special abilities


You were on level 4 of the Dungeon.
You visited 1 branch of the dungeon, and saw 4 of its levels.

You collected 196 gold pieces.

Inventory:

Hand Weapons
 a - a +0 war axe (weapon)
 k - a +0 sling
Missiles
 j - 23 stones (quivered)
 q - 3 poisoned darts
Armour
 c - a +0 buckler (worn)
 t - a +0 ring mail (worn)
Jewellery
 i - an amulet of magic regeneration (around neck)
Wands
 r - a wand of digging (5)
 s - a wand of mindburst (20)
Scrolls
 e - 7 scrolls of identify {unknown}
 g - 2 scrolls of vulnerability {unknown}
 n - 2 scrolls of immolation
 o - a scroll of enchant weapon {unknown}
Potions
 d - a potion of might
 f - a potion of cancellation {unknown}
 h - a potion of heal wounds {unknown}
 l - 3 potions of haste {unknown}
 m - a potion of flight {unknown}
 p - a potion of ambrosia {unknown}


   Skills:
 + Level 3.8 Fighting
 * Level 4.3 Axes
 - Level 2.4 Armour
 + Level 3.9 Shields


You had 3 spell levels left.
You knew the following spells:

 Your Spells              Type           Power      Damage    Failure   Level
w - Passwall              Tmut/Erth      0%         N/A       80%         2

Your spell library contained the following spells:

 Spells                   Type           Power      Damage    Failure   Level
 Apportation              Tloc           0%         N/A       67%         1
 Ensorcelled Hibernation  Hex/Ice        0%         N/A       80%         2
 Swiftness                Air            0%         N/A       95%         3
 Alistair's Intoxication  Tmut/Pois      0%         N/A       100%        5


Dungeon Overview and Level Annotations

Branches:
Dungeon (4/15)
 Temple: D:4-7

Altars:
Trog


Innate Abilities, Weirdness & Mutations

You have extremely sharp teeth.
Your natural rate of healing is unusually fast.
When hurt, damage is shared between your health and your magic reserves.
Your bite disrupts and absorbs the magic of your enemies.
Potions cannot restore your health.


Message History

The adder is lightly wounded.
The adder closely misses you. x2
You slash the adder!
You kill the adder!
You see here an adder corpse.
HP restored.
Found a stone staircase leading down.
There is a stone staircase leading down here.
There is a stone staircase leading up here.
You see here a +3 mace.
You now have 196 gold pieces (gained 10).
Found a bloodstained altar of Trog.
Flames erupt from the bowels of the wizard!
Trog roars with satisfaction!
The wizard is engulfed in blazing flames.
The wizard is engulfed in blazing flames.
The wizard is engulfed in blazing flames.
The wizard dies!
There is a bloodstained altar of Trog here.
Done exploring.
Done exploring.
(D) Dungeon
Where to? (Enter - D:3, ? - help)
There is an escape hatch in the ceiling here.
There is a stone staircase leading up here.
There is a stone staircase leading down here.
You climb downwards.
The endoplasm quivers.
The ogre shouts!
Found 14 gold pieces.
There is a stone staircase leading up here.
There are monsters nearby!
You slash the ogre!
The ogre is heavily wounded.
The ogre hits you with a +0 giant spiked club!!
Ouch! That really hurt!
* * * LOW HITPOINT WARNING * * *
You closely miss the ogre.
The ogre is heavily wounded.
The ogre hits you with a +0 giant spiked club.
You die...

#############
#....@.......
#....OJ......
#............
#............
#............
#...$........
#............
#############


You could see an ogre and an endoplasm.

Vanquished Creatures
  Sigmund (D:3)
  8 adders
  2 worms (D:2)
  A dart slug (D:1)
  3 bats (D:1)
  6 endoplasms
  5 giant cockroaches
  5 goblins
  5 hobgoblins
  2 jackals (D:1)
  2 quokkas
  5 ball pythons
  4 frilled lizards
  10 kobolds
  7 rats
66 creatures vanquished.

Vanquished Creatures (others)
  A wizard (D:3)
1 creature vanquished.

Grand Total: 67 creatures vanquished

Notes
Turn   | Place    | Note
-------+----------+-------------------------------------------
     0 | D:1      | ThatPearl the Vine Stalker Fighter began the quest for the
                  | Orb.
     0 | D:1      | Reached XP level 1. HP: 11/11 MP: 2/2
    83 | D:1      | Reached skill level 2 in Axes
    87 | D:1      | Reached XP level 2. HP: 13/16 MP: 1/3
   414 | D:1      | Reached XP level 3. HP: 17/19 MP: 4/4
   928 | D:2      | Gained mutation: Your natural rate of healing is unusually
                  | fast. [Vine Stalker growth]
   928 | D:2      | Reached XP level 4. HP: 20/24 MP: 3/5
   984 | D:2      | Reached skill level 3 in Axes
   995 | D:2      | Found a faded altar of an unknown god.
  1604 | D:3      | Reached XP level 5. HP: 28/28 MP: 6/6
  1747 | D:3      | Learned a level 2 spell: Passwall
  1823 | D:3      | Noticed Sigmund
  1831 | D:3      | Killed Sigmund
  1832 | D:3      | Reached skill level 4 in Axes
  1832 | D:3      | Reached XP level 6. HP: 33/33 MP: 7/7
  2175 | D:3      | Found a bloodstained altar of Trog.
  2176 | D:3      | Noticed a wizard
  2181 | D:3      | Killed a wizard
  2279 | D:4      | Slain by an ogre

Illustrated notes

Levels and vault maps discovered:
D:1:      evilmike_arrival_fibonacci_small, layout_basic, minmay_misc_feat_five
D:2:      layout_basic, hellmonk_ecumenical_altar_blasted, chequers_arboretum
D:3:      layout_loops_ring, trog_wizard, uniq_sigmund
D:4:      layout_gridville, kennysheep_little_box, nicolae_hexahallways,
          chequers_mini_garden

Skill      XL: |  1  2  3  4  5 |
---------------+----------------+-----
Axes           | 2 3 4 |  4.3
Shields        | 3 |  3.9
Fighting       | 3 |  3.8
Armour         | |  2.4

Action                     |  1- 3 |  4- 6 || total
---------------------------+-------+-------++-------
  Melee: War axe           |    73 |    86 ||   159
         Bite              |    17 |    17 ||    34
  Throw: Stone             |       |     1 ||     1
 Armour: Scale mail        |    25 |    32 ||    57
  Dodge: Dodged            |    34 |    42 ||    76
  Block: Buckler           |    15 |    24 ||    39

Table legend: (Time is in decaauts)
 A = Elapsed time spent in this place.
 B = Non-inter-level travel time spent in this place.
 C = Inter-level travel time spent in this place.
 D = Time resting spent in this place.
 E = Time spent auto-exploring this place.
 F = Levels seen in this place.
 G = Mean time per level.
                   A        B        C        D        E       F      G
               +--------+--------+--------+--------+--------+-----+--------+
         Total |   2339 |   2203 |    136 |      0 |   1716 |   4 |  584.8 |
       Dungeon |   2339 |   2203 |    136 |      0 |   1716 |   4 |  584.8 |
               +--------+--------+--------+--------+--------+-----+--------+

Top non-repeatable levels by time:
     D:2: 811 daAuts
     D:3: 776 daAuts
     D:1: 748 daAuts
     D:4: 2 daAuts
